 Dungeon Crawl Stone Soup version 0.26-a0-252-gb32a1a6195 (webtiles) character file.

Game seed: 18139305780072714899

158 Conn the Sneak (level 5, -22/32 HPs)
             Began as an Octopode Hedge Wizard on July 9, 2020.
             Killed from afar by a kobold (23 damage)
             ... with an iceblast
             ... on level 3 of the Dungeon.
             The game lasted 00:07:16 (3435 turns).

Conn the Sneak (Octopode Hedge Wizard)              Turns: 3435, Time: 00:07:16

Health: -22/32     AC:  2    Str:  9    XL:     5   Next: 39%
Magic:  8/10       EV: 13    Int: 18    God:
Gold:   117        SH:  0    Dex: 11    Spells: 3/11 levels left

rFire    . . .     SeeInvis .   k - +1 short sword
rCold    . . .     Faith    .   (no shield)
rNeg     . . .     Spirit   .   a - +1 hat
rPois    .         Reflect  .   e - amulet of inaccuracy (curse)
rElec    .         Harm     .   (no ring)
rCorr    .                      (no ring)
MR       .....                  (no ring)
Stlth    ++++......             (no ring)
HPRegen  0.10/turn              (no ring)
MPRegen  0.12/turn              (no ring)
                                (no ring)
                                (no ring)

@: mighty, lethally poisoned (-22 -> -24), very slightly contaminated
A: almost no armour, stealthy swim, amphibious, 8 rings, constrict 8, camouflage
1, gelatinous body 1
a: no special abilities


You were on level 3 of the Dungeon.
You were not hungry.

You visited 1 branch of the dungeon, and saw 3 of its levels.

You collected 117 gold pieces.

Inventory:

Hand Weapons
 b - a +0 dagger
 k - a +1 short sword (weapon)
Armour
 a - a +1 hat (worn)
Jewellery
 e - a cursed amulet of inaccuracy (around mantle)
 g - an uncursed amulet of the acrobat
Scrolls
 d - 2 scrolls of identify
Comestibles
 c - a ration


   Skills:
 + Level 0.8 Fighting
 + Level 2.2 Short Blades
 + Level 2.7 Dodging
 + Level 4.8 Stealth
 + Level 3.5 Spellcasting
 + Level 1.2 Conjurations
 + Level 1.0 Summonings
 + Level 1.0 Translocations


You had 3 spell levels left.
You knew the following spells:

 Your Spells              Type           Power        Failure   Level
a - Magic Dart            Conj           #...         10%         1
b - Blink                 Tloc           N/A          16%         2
c - Call Imp              Summ           #.......     16%         2
d - Conjure Flame         Conj/Fire      #.......     34%         3

Your spell library contained the following spells:

 Spells                   Type           Power        Failure   Level
 Slow                     Hex            #.......     24%         2
 Mephitic Cloud           Conj/Pois/Air  #.......     36%         3


Dungeon Overview and Level Annotations

Branches:
Dungeon (3/15)

Altars:


Innate Abilities, Weirdness & Mutations

You cannot wear most types of armour.
You are very stealthy in the water. (Stealth+)
You are amphibious.
You can wear up to eight rings at the same time.
You can use your tentacles to constrict eight enemies at once.
Your skin changes colour to match your surroundings (Stealth+).
Your rubbery body absorbs attacks. (AC +1, EV +1)


Message History

* * * LOW HITPOINT WARNING * * *
You feel sick.
A kobold comes into view.
It is wielding a +1 rapier of venom and carrying a wand of iceblast (8).
Casting: Magic Dart (safe; 10% risk of failure)
Confirm with . or Enter, or press ? or * to list all spells.
Aiming: Magic Dart (safe; 10% risk of failure)
Press: ? - help, Shift-Dir - straight line, f - kobold
Aim: a kobold, wielding a +1 rapier of venom, wearing a +0 chain mail and carrying a wand of iceblast (8) (wandering, hasn't noticed you)
You miscast Magic Dart.
You are very lightly contaminated with residual magic.
Nothing appears to happen.
Casting: Magic Dart (safe; 10% risk of failure)
Confirm with . or Enter, or press ? or * to list all spells.
Aiming: Magic Dart (safe; 10% risk of failure)
Press: ? - help, Shift-Dir - straight line, f/p - kobold
Aim: a kobold, wielding a +1 rapier of venom, wearing a +0 chain mail and carrying a wand of iceblast (8)
The magic dart hits the kobold but does no damage.
The kobold zaps a wand.
The mass of ice explodes!
The iceblast engulfs you!!
Ouch! That really hurt!
You die...

#.#######
#.K.....# #@#
#.####
.#####.##.##
........[...#
...####.##.##
...##.#
######.# #.#
# #.# #


You could see a kobold.

Vanquished Creatures
  An orc wizard (D:3)
  A worker ant (D:3)
  A gnoll (D:3)
  4 adders
  An ooze (D:1)
  A dart slug (D:1)
  A leopard gecko (D:2)
  4 orcs
  6 bats
  5 giant cockroaches
  3 goblins (D:2)
  A hobgoblin (D:2)
  3 jackals (D:1)
  A quokka (D:3)
  A ball python (D:1)
  4 frilled lizards
  4 kobolds
  4 rats
46 creatures vanquished.

Vanquished Creatures (collateral kills)
  2 gnolls (D:3)
2 creatures vanquished.

Grand Total: 48 creatures vanquished

Notes
Turn   | Place    | Note
-------+----------+-------------------------------------------
     0 | D:1      | Conn the Octopode Hedge Wizard began the quest for the Orb.
     0 | D:1      | Reached XP level 1. HP: 11/11 MP: 4/4
   440 | D:1      | Reached skill level 3 in Stealth
   440 | D:1      | Reached XP level 2. HP: 17/17 MP: 6/6
  1149 | D:1      | Learned a level 2 spell: Blink
  1152 | D:1      | Learned a level 2 spell: Call Imp
  1204 | D:2      | Reached XP level 3. HP: 21/21 MP: 7/7
  1209 | D:2      | Learned a level 3 spell: Conjure Flame
  1347 | D:2      | Reached skill level 4 in Stealth
  1826 | D:2      | Reached skill level 1 in Short Blades
  1826 | D:2      | Reached XP level 4. HP: 7/27 MP: 7/9
  2968 | D:2      | Reached XP level 5. HP: 32/32 MP: 10/10
  3429 | D:3      | HP: 1/32 [poisoned by a worker ant]
  3435 | D:3      | Killed from afar by a kobold

Illustrated notes

Levels and vault maps discovered:
D:1:      dpeg_arrival_refuge, layout_loops_ring, palyth_stone_intersect,
          serial_bayou_pond_a, nrook_uturn, minivault_11, minivault_14,
          dk_noncrumbling_3
D:2:      layout_basic, st_stairs_11, kennysheep_potato
D:3:      layout_loops_corners, first_ration

Skill      XL: |  1  2  3  4  5 |
---------------+----------------+-----
Stealth        | 3 4 |  4.8
Short Blades   | 1 2 |  2.2
Fighting       | |  0.8
Dodging        | |  2.7
Spellcasting   | |  3.5
Conjurations   | |  1.2
Summonings     | |  1.0
Translocations | |  1.0

Action                   |  1- 3 |  4- 6 || total
-------------------------+-------+-------++-------
Melee: Dagger            |    26 |       ||    26
       Constrict         |    13 |     8 ||    21
       Tentacles         |     9 |     3 ||    12
       Short sword       |    64 |    47 ||   111
 Cast: Magic Dart        |     2 |    19 ||    21
       Blink             |       |     3 ||     3
       Call Imp          |       |     1 ||     1
  Use: Scroll            |     2 |     1 ||     3
       Potion            |       |     4 ||     4
 Stab: Sleeping          |    15 |       ||    15
  Eat: Ration            |     1 |     2 ||     3
Armor: Skin              |    14 |    11 ||    25
Dodge: Dodged            |    94 |    35 ||   129

Table legend:
 A = Non-vault XP
 B = Vault XP
 C = Vault XP percentage of total XP
 D = Non-vault monster count
 E = Vault monster count
 F = Vault count percentage of total count
                 A         B        C        D         E       F
            +---------+---------+-------+---------+---------+-------
      Total |     201 |      25 |  11.1 |      41 |       7 |  14.6
            +---------+---------+-------+---------+---------+-------
        D:1 |      46 |       0 |   0.0 |      19 |       0 |   0.0
        D:2 |      37 |      25 |  40.3 |      13 |       7 |  35.0
        D:3 |     118 |       0 |   0.0 |       9 |       0 |   0.0
            +---------+---------+-------+---------+---------+-------
